 Dungeon Crawl Stone Soup version 0.21.1-1-g345015fe64 (webtiles) character file.

1909 P0ring the Basher (level 8, -3/74 HPs)
             Began as a Minotaur Berserker on Apr 27, 2018.
             Was a High Priest of Trog.
             Slain by a mummy (10 damage)
             ... in an ossuary.
             The game lasted 00:12:38 (5695 turns).

P0ring the Basher (Minotaur Berserker)              Turns: 5695, Time: 00:12:38

Health: -3/74      AC:  6    Str: 24    XL:     8   Next: 94%
Magic:  7/7        EV: 14    Int:  4    God:    Trog [*****.]
Gold:   265        SH:  0    Dex: 13    Spells: 7/7 levels left

rFire    . . .     SeeInvis .   a - +1 mace
rCold    . . .     Gourm    .   (no shield)
rNeg     . . .     Faith    .   r - +0 ring mail {MR+}
rPois    .         Spirit   .   (helmet restricted)
rElec    .         Reflect  .   (no cloak)
rCorr    .         Harm     .   (no gloves)
MR       +....                  (no boots)
Stlth    +.........             (no amulet)
HPRegen  0.22/turn              d - +3 ring of dexterity
MPRegen  0.10/turn              u - ring of flight

@: berserk cooldown, slowed, very slow
A: retaliatory headbutt, horns 2
a: Berserk, Trog's Hand, Brothers in Arms, Burn Spellbooks, Renounce Religion,
Evoke Flight


You were in an ossuary.
You worshipped Trog.
Trog was extremely pleased with you.
You were not hungry.

You visited 1 branch of the dungeon, and saw 6 of its levels.
You also visited: Ossuary.

You collected 265 gold pieces.

Inventory:

Hand Weapons
 a - a +1 mace (weapon)
Missiles
 D - 7 tomahawks of dispersal (quivered)
Armour
 b - a +0 animal skin
 g - a +0 leather armour
 i - a +1 ring mail
 r - a +0 ring mail of magic resistance (worn)
Jewellery
 d - a +3 ring of dexterity (left hand)
 u - a ring of flight (right hand)
 x - an uncursed ring of magical power
Wands
 o - a wand of random effects (15)
 t - a wand of flame (23)
Scrolls
 f - a scroll of remove curse
 l - a scroll of fog
 w - a scroll of enchant weapon
 C - a scroll of blinking
 G - a scroll of teleportation
 H - 2 scrolls of enchant armour
Potions
 e - a potion of ambrosia {unknown}
 j - 3 potions of curing
 n - a potion of flight
 z - a potion of haste
 B - a potion of brilliance
 F - a potion of might {unknown}
Books
 k - a book of Frost

   Spells                             Type                      Level
   a - Freeze                         Ice                          1
   b - Throw Frost                    Conjuration/Ice              2
   c - Ozocubu's Armour               Charms/Ice                   3
   d - Throw Icicle                   Conjuration/Ice              4
   e - Summon Ice Beast               Ice/Summoning                4
   Trog disapproves of the use of such an item.
Comestibles
 c - 11 rations
 h - 3 chunks of flesh


   Skills:
 + Level 7.9 Fighting
 + Level 8.0 Maces & Flails
 + Level 7.2 Armour
 + Level 6.6 Dodging


You had 7 spell levels left.
You didn't know any spells.

Dungeon Overview and Level Annotations

Branches:
Dungeon (6/15)             Temple (0/1) D:5

Altars:

Shops:
D:6 *

Annotations:
D:6 Menkaure


Innate Abilities, Weirdness & Mutations

You reflexively headbutt those who attack you in melee.
You have a pair of horns on your head.


Message History

The mummy completely misses you. You furiously retaliate!
You headbutt the mummy. The big kobold zombie misses you.
The mummy barely misses you.
Unknown command.
You hit the mummy but do no damage.
The mummy is almost destroyed.
The big kobold zombie hits you.
* * * LOW HITPOINT WARNING * * *
The mummy hits you.
* * * LOW HITPOINT WARNING * * *
The mummy hits you but does no damage. The mummy closely misses you.
You furiously retaliate!
You headbutt the mummy.
The big kobold zombie closely misses you.
You furiously retaliate!
You headbutt the big kobold zombie! You hit the mummy.
The mummy is almost destroyed.
The mummy hits you!
* * * LOW HITPOINT WARNING * * *
The mummy hits you!
You die...

...........
........#
......#
#....#
#....#
#....#
#....#
#MMM.#
#.@Z.#
#....#
#....#
#.∩∩.#
######


You could see 3 mummies and a big kobold zombie.

Vanquished Creatures
  The ghost of LiquoriceLizzard the Chopper, a novice DDFi (D:6)
  The ghost of Tali the Chopper, an amateur DsBe of Trog (D:4)
  An orc warrior (D:5)
  An ice beast (D:5)
  A centaur (D:5)
  The ghost of Ivernyr the Charmwright, an amateur DsSk (D:3)
  2 scorpions (D:5)
  A crimson imp (D:5)
  A centaur zombie (D:5)
  A hound (D:5)
  4 orc priests
  5 orc wizards
  A bullfrog skeleton (D:6)
  A gnoll shaman (D:5)
  A worker ant (D:6)
  A hound zombie (D:5)
  A mummy (Ossuary)
  Robin (D:2)
  12 gnolls
  4 adders
  An ooze (D:2)
  2 worms
  3 dart slugs (D:1)
  4 leopard geckos
  30 orcs
  11 bats
  7 giant cockroaches
  15 goblins
  11 hobgoblins
  5 jackals
  6 kobolds
  A quokka (D:4)
  3 ball pythons
  6 frilled lizards
  A gnoll zombie (Ossuary)
  2 hobgoblin zombies (Ossuary)
  A jackal skeleton (D:2)
  2 kobold zombies (Ossuary)
  2 orc zombies (Ossuary)
  8 rats
163 creatures vanquished.

Notes
Turn   | Place    | Note
-------+----------+-------------------------------------------
     0 | D:1      | P0ring the Minotaur Berserker began the quest for the Orb.
     0 | D:1      | Reached XP level 1. HP: 19/19 MP: 0/0
   119 | D:1      | Reached XP level 2. HP: 22/27 MP: 1/1
   121 | D:1      | Reached skill level 4 in Maces & Flails
   322 | D:1      | Reached XP level 3. HP: 30/33 MP: 2/2
   396 | D:1      | Reached ** piety under Trog
  1364 | D:2      | Noticed Robin
  1367 | D:2      | Reached XP level 4. HP: 41/41 MP: 3/3
  1374 | D:2      | Killed Robin
  1529 | D:3      | Reached *** piety under Trog
  1538 | D:3      | Reached XP level 5. HP: 47/47 MP: 4/4
  1598 | D:3      | Noticed Ivernyr's ghost (amateur DsSk)
  1615 | D:3      | Killed Ivernyr's ghost
  1615 | D:3      | Reached skill level 5 in Fighting
  1615 | D:3      | Reached skill level 5 in Maces & Flails
  1992 | D:3      | Reached XP level 6. HP: 56/56 MP: 5/5
  2345 | D:3      | Reached **** piety under Trog
  2971 | D:4      | Noticed Tali's ghost (amateur DsBe)
  2981 | D:4      | Killed Tali's ghost
  2981 | D:4      | Reached skill level 6 in Maces & Flails
  2981 | D:4      | Reached skill level 5 in Armour
  2981 | D:4      | Reached XP level 7. HP: 61/63 MP: 6/6
  3849 | D:5      | Entered Level 5 of the Dungeon
  4129 | D:5      | Reached skill level 5 in Dodging
  4375 | D:5      | Reached XP level 8. HP: 71/71 MP: 7/7
  4480 | D:5      | Found a staircase to the Ecumenical Temple.
  4486 | D:5      | Reached skill level 7 in Maces & Flails
  5558 | D:6      | Noticed Menkaure
  5571 | D:6      | Found Ymif's Assorted Antiques.
  5600 | D:6      | Noticed LiquoriceLizzard's ghost (novice DDFi)
  5605 | D:6      | Found a sand-covered staircase.
  5623 | D:6      | Killed LiquoriceLizzard's ghost
  5629 | D:6      | Reached skill level 8 in Maces & Flails
  5664 | Ossuary  | Entered an ossuary
  5687 | Ossuary  | Reached ***** piety under Trog
  5695 | Ossuary  | Slain by a mummy

Skill      XL: |  1  2  3  4  5  6  7  8 |
---------------+-------------------------+-----
Maces & Flails | 4 5 6 8 |  8.0
Fighting       | 4 5 6 7 |  7.9
Armour         | 3 4 5 7 |  7.2
Dodging        | 3 4 5 6 |  6.6

Action                   |  1- 3 |  4- 6 |  7- 9 || total
-------------------------+-------+-------+-------++-------
Melee: Mace              |    75 |   130 |   156 ||   361
       Headbutt          |    14 |    22 |    31 ||    67
Invok: Berserk           |     1 |     3 |     3 ||     7
  Use: Scroll            |     8 |     2 |    11 ||    21
       Potion            |       |       |     1 ||     1
  Eat: Chunk             |     1 |     8 |     8 ||    17
       Ration            |       |       |     2 ||     2
Armor: Animal skin       |     2 |       |       ||     2
       Leather armour    |     1 |       |       ||     1
       Ring mail         |    31 |    48 |    53 ||   132
Dodge: Dodged            |    43 |    83 |   138 ||   264
